 Dungeon Crawl Stone Soup version 0.17-a0-1793-gcbb3aa1 (webtiles) character file.

9352 4thArraOfDagon the Cleaver (level 11, -32/156 HPs)
             Began as a Deep Dwarf Berserker on Sept 9, 2015.
             Was a High Priest of Trog.
             Annihilated by an orc warlord
             ... wielding a +0 great mace
              (34 damage)
             ... on level 4 of the Orcish Mines.
             The game lasted 00:18:30 (2911 turns).

4thArraOfDagon the Cleaver (Deep Dwarf Berserker)   Turns: 2911, Time: 00:18:31

Health: -32/156    AC: 12    Str: 29    XL:     11   Next: 21%
Magic:  14/14      EV: 10    Int:  8    God:    Trog [*****.]
Gold:   668        SH:  0    Dex: 12    Spells: 0 memorised, 10 levels left

rFire  . . .     SeeInvis .     e - +3 hand axe (vamp)
rCold  + + .     Clarity  .     B - +0 chain mail {rC+}
rNeg   . . .     SustAt   .     (no shield)
rPois  .         Gourm    .     (no helmet)
rElec  .         Spirit   .     (no cloak)
rCorr  .         Warding  .     (no gloves)
rMut   .         Stasis   .     (no boots)
MR     +++..                    (no amulet)
Stlth  ..........               (no ring)
                                t - ring of protection from cold

@: berserking, non-regenerating, very quick, extremely resistant to hostile
enchantments, extremely unstealthy
A: damage resistance, recharge devices, hooves 1, molten scales 1, mutation
resistance 1, sense surroundings 2, slow healing 3
a: Device Recharging, Burn Spellbooks, Berserk, Trog's Hand, Brothers in Arms,
Renounce Religion


You were on level 4 of the Orcish Mines.
You worshipped Trog.
Trog was extremely pleased with you.
You were not hungry.

You visited 2 branches of the dungeon, and saw 13 of its levels.
You also visited: Bailey.

You collected 920 gold pieces.
You spent 252 gold pieces at shops.

Inventory:

Hand weapons
 e - a +3 vampiric hand axe (weapon)
 m - a +0 battleaxe
Missiles
 j - 2 throwing nets (quivered)
Armour
 a - the +2 leather armour of the Equator {Int+2, unknown}
   (You found it on level 8 of the Dungeon)

   It affects your intelligence (+2).
 B - a +0 chain mail of cold resistance (worn)
Jewellery
 t - a ring of protection from cold (left hand)
Magical devices
 c - a wand of heal wounds (3)
 v - a wand of magic darts (43)
 y - a wand of digging (8)
Scrolls
 h - 3 scrolls of teleportation
 w - a scroll of fog {unknown}
 x - a scroll of recharging {unknown}
 A - a scroll of blinking
Potions
 b - a potion of poison {unknown}
 i - 2 potions of lignification
 k - a potion of resistance {unknown}
 n - a potion of curing
 o - 2 potions of invisibility {unknown}
 s - a potion of heal wounds {unknown}
 u - 3 potions of agility
 z - a potion of might
Books
 f - a book of Envenomations

   Spells                             Type                      Level
   a - Spider Form                    Transmutation/Poison         3
   b - Alistair's Intoxication        Transmutation/Poison         4
   c - Olgreb's Toxic Radiance        Poison                       4
   d - Poisonous Cloud                Conjuration/Poison/Air       6
   Trog disapproves of the use of such an item.
 r - a book of Conjurations

   Spells                             Type                      Level
   a - Magic Dart                     Conjuration                  1
   b - Searing Ray                    Conjuration                  2
   c - Dazzling Spray                 Conjuration/Hexes            3
   d - Fulminant Prism                Conjuration/Hexes            4
   e - Iskenderun's Mystic Blast      Conjuration                  4
   f - Iskenderun's Battlesphere      Conjuration/Charms           5
   Trog disapproves of the use of such an item.
Comestibles
 d - 3 bread rations
 g - 6 fruits
 l - 2 meat rations
 p - 12 chunks of flesh
 q - a beef jerky


   Skills:
 + Level 8.3 Fighting
 * Level 13.2 Axes
 + Level 10.0 Armour
 - Level 2.1 Dodging
 + Level 4.4 Evocations


You had 10 spell levels left.
You didn't know any spells.

Dungeon Overview and Level Annotations

Branches:
Dungeon (10/15)              Lair (0/8) D:9             Orc (4/4) D:9
    Elf (0/3) Orc:3
 Temple: D:4-7

Altars:
Fedhas
Beogh

Shops:
Orc:2 ?   Orc:4 *

Annotations:
Orc:4 Sonja


Innate Abilities, Weirdness & Mutations

You are resistant to damage.
You can recharge devices by infusing magical energy.
You passively map the area around you.
You do not heal naturally.
You have large cloven feet.
You are partially covered in molten scales (AC +1).
You are somewhat resistant to further mutation.


Message History

The orc high priest invokes the aid of Beogh against you.
Something smites you!
* * * LOW HITPOINT WARNING * * *
Unknown command.
You slice the orc high priest!! Your kick misses the orc high priest.
The orc high priest is almost dead.
You barely miss the orc warlord.
The orc warlord is lightly wounded.
Unknown command.
Unknown command.
Unknown command.
You hit the orc high priest.
You feel the power of Trog in you as your rage grows.
You kill the orc high priest!
Trog accepts your kill.
Your Armour skill increases to level 10!
Your chain mail prevents you from hitting the orc warlord.
The orc warlord is lightly wounded.
The orc warlord hits you with a great mace!!
You die...

*#.## ##<##.....###.....##
##.###.####...###.()....#
##.#.## ##..#.###.)##.##*
##)## #............##.**
*#.## #................*
*#.# ##.......##...#..#**
#.#* #....#.#####.....#**
#.# #..o.###*,*,......##
##***
***#..@..#*,,,*........
**,***,*##)..##*,,,*........
*,,,,,,,*#...#**,,,,.....##.
**,,,,,**#..##*,,,,,$.....#.
***,,*,,...#,,*,,,,........
*,,,,,.....,,,*,,,........
*,,,,......,,,,,,,........
**,,,......,,,,,,,........
***
**,,,,*,,,,,,,,,,*,....#.[


You could see an orc warlord.

Vanquished Creatures
  An orc warlord (Orc:4)
  An orc high priest (Orc:4)
  Pikel (D:7)
  2 orc knights
  4 orc sorcerers
  A deep elf mage (D:8)
  3 wargs (Orc:4)
  16 orc warriors
  3 slaves (D:7)
  A sky beast (D:8)
  2 ogres
  A necrophage (D:9)
  A centaur (D:5)
  3 giant frogs
  A scorpion (D:8)
  3 wights (D:8)
  5 killer bees (D:8)
  A jelly (D:8)
  2 crimson imps
  17 orc priests
  2 hounds
  3 worker ants (D:8)
  A centaur skeleton (D:8)
  Natasha (D:4)
  19 orc wizards
  A killer bee zombie (D:8)
  A hound skeleton (D:4)
  4 gnolls
  An adder (D:8)
  2 shadow imps
  162 orcs
  A ball python (D:3)
  2 giant cockroaches
  8 goblins
  2 hobgoblins
  A kobold (D:4)
  A quokka (D:8)
  A bat (D:1)
  3 giant newts
  A rat (D:4)
286 creatures vanquished.

Vanquished Creatures (others)
  7 fungi (Orc:4)
7 creatures vanquished.

Grand Total: 293 creatures vanquished

Notes
Turn   | Place    | Note
--------------------------------------------------------------
     0 | D:1      | 4thArraOfDagon the Deep Dwarf Berserker began the quest for the Orb.
     0 | D:1      | Reached XP level 1. HP: 20/20 MP: 1/1
   411 | D:3      | Reached XP level 2. HP: 20/27 MP: 2/2
   526 | D:4      | Reached skill level 4 in Axes
   564 | D:4      | Noticed Natasha
   569 | D:4      | Killed Natasha
   569 | D:4      | Reached XP level 3. HP: 34/34 MP: 3/3
   624 | D:4      | Found a blossoming altar of Fedhas.
   630 | D:4      | Noticed a phantom
   633 | D:5      | Entered Level 5 of the Dungeon
   640 | D:5      | Noticed a centaur
   654 | D:5      | Killed a centaur
   654 | D:5      | Reached skill level 5 in Axes
   654 | D:5      | Reached XP level 4. HP: 25/42 MP: 4/4
   656 | D:5      | Reached XP level 5. HP: 28/49 MP: 5/5
   713 | D:5      | You fall through a shaft!
   727 | D:7      | Acquired Trog's second power
   770 | D:7      | Noticed Pikel
   770 | D:7      | Noticed a slave
   770 | D:7      | Noticed a slave
   770 | D:7      | Noticed a slave
   770 | D:7      | Noticed a slave
   792 | D:7      | Reached XP level 6. HP: 57/57 MP: 6/6
   797 | D:7      | Killed a slave
   800 | D:7      | Killed a slave
   801 | D:7      | Killed a slave
   805 | D:7      | Killed Pikel
   805 | D:7      | Reached skill level 7 in Axes
   805 | D:7      | Reached skill level 5 in Armour
   805 | D:7      | Reached XP level 7. HP: 66/66 MP: 7/7
   810 | D:7      | Noticed a hippogriff
   850 | D:8      | Noticed a deep elf mage
   858 | D:8      | Killed a deep elf mage
   913 | D:8      | Reached XP level 8. HP: 73/73 MP: 8/8
   914 | D:8      | Reached skill level 8 in Axes
   917 | D:8      | Reached skill level 5 in Fighting
   940 | D:8      | Gained mutation: You have large cloven feet. [mutagenic meat]
   941 | D:8      | Gained mutation: You are somewhat resistant to further mutation. [mutagenic meat]
   942 | D:8      | Gained mutation: You are partially covered in molten scales (AC +1). [mutagenic meat]
   958 | D:8      | Got a warped leather armour
  1013 | D:8      | Reached skill level 9 in Axes
  1186 | D:8      | Found a flagged portal.
  1203 | Bailey   | Entered a bailey
  1243 | D:8      | why bad :(
  1337 | D:9      | Gained mutation: You passively map the area around you. [Deep Dwarf growth]
  1337 | D:9      | Reached XP level 9. HP: 82/82 MP: 9/9
  1359 | D:9      | Found a staircase to the Lair.
  1387 | D:9      | Reached skill level 10 in Axes
  1415 | D:9      | Found a staircase to the Orcish Mines.
  1531 | D:10     | Entered Level 10 of the Dungeon
  1560 | Orc:1    | Entered Level 1 of the Orcish Mines
  1560 | Orc:1    | Noticed an orc knight
  1563 | Orc:1    | Noticed an orc sorcerer
  1576 | D:9      | Killed an orc sorcerer
  1632 | Orc:1    | Killed an orc knight
  1632 | Orc:1    | Reached skill level 11 in Axes
  1695 | Orc:1    | Acquired Trog's third power
  1870 | Orc:2    | Found Fudips's Magic Scroll Shop.
  1875 | Orc:2    | Noticed an orc sorcerer
  1884 | Orc:2    | Killed an orc sorcerer
  1884 | Orc:2    | Reached XP level 10. HP: 94/94 MP: 10/10
  1905 | Orc:2    | Bought a scroll of magic mapping for 49 gold pieces
  1905 | Orc:2    | Bought a scroll of teleportation for 42 gold pieces
  1905 | Orc:2    | Bought a scroll of blinking for 105 gold pieces
  1997 | Orc:2    | Received a gift from Trog
  2033 | Orc:1    | Found a roughly hewn altar of Beogh.
  2085 | Orc:3    | Received a gift from Trog
  2192 | Orc:3    | Noticed an orc knight
  2258 | Orc:3    | Killed an orc knight
  2258 | Orc:3    | Reached skill level 12 in Axes
  2303 | Orc:4    | Entered Level 4 of the Orcish Mines
  2311 | Orc:4    | Received a gift from Trog
  2324 | Orc:4    | Noticed an orc sorcerer
  2324 | Orc:4    | Noticed an orc high priest
  2324 | Orc:4    | Noticed an orc sorcerer
  2325 | Orc:4    | Noticed an orc warlord
  2325 | Orc:4    | Noticed an orc high priest
  2326 | Orc:4    | Noticed Sonja
  2337 | Orc:4    | Noticed a sixfirhy
  2344 | Orc:3    | Killed an orc sorcerer
  2466 | Orc:3    | Reached skill level 1 in Evocations
  2551 | Orc:4    | Noticed a sun demon
  2551 | Orc:4    | Noticed an orc sorcerer
  2553 | Orc:4    | Noticed a soul eater
  2605 | Orc:3    | Found a staircase to the Elven Halls.
  2656 | Orc:4    | Noticed an orc sorcerer
  2658 | Orc:4    | Noticed an orc knight
  2693 | Orc:4    | Killed an orc sorcerer
  2739 | Orc:4    | Found Xasaj's General Store.
  2744 | Orc:4    | Noticed an orc warlord
  2791 | Orc:4    | Killed an orc warlord
  2791 | Orc:4    | Reached skill level 13 in Axes
  2791 | Orc:4    | Reached XP level 11. HP: 103/103 MP: 12/14
  2835 | Orc:4    | Bought a potion of might for 56 gold pieces
  2909 | Orc:4    | HP: 1/154 [orc high priest/divine providence (10)]
  2911 | Orc:4    | Killed an orc high priest
  2911 | Orc:4    | Reached skill level 10 in Armour
  2911 | Orc:4    | Annihilated by an orc warlord

Vault maps used:
D:1:      dpeg_arrival_ternary, serial_park_tiny_1
D:2:      good_gods_mini_temple, overflow_temple_1_default,
          nicolae_dithmenos_through_a_glass_darkly, kennysheep_generic_room_2
D:3:      bloody_trog, makhleb_altar_promises_db, first_bread,
          nicolae_ru_path_of_blood
D:4:      lemuel_round_altar, overflow_temple_1_default,
          kennysheep_vampire_church, uniq_natasha, uniq_sigmund
D:5:      serial_bayou_lake_a
D:7:      nicolae_gozag_seed_capital, uniq_pikel
D:8:      lightli_bailey_entry_fortress, hangedman_ranch
D:9:      cheibrodos_ashenzari_chains, lair_0_dummy, hiddenorc1_lemuel
D:10:     special_room, uniq_erica, uniq_grum
Orc:1:    basic_altar, serial_shops, shop
Orc:2:    serial_shops, shop
Orc:3:    nicolae_orc_pool_cavern
Orc:4:    grunt_orc_gardens, grunt_orc_garden, grunt_orc_garden,
          grunt_orc_garden, grunt_orc_garden, uniq_sonja
Bailey:   bailey_polearm_2, bailey

Action                   |  1- 3 |  4- 6 |  7- 9 | 10-12 || total
-------------------------+-------+-------+-------+-------++-------
Melee: Hand axe          |    58 |    33 |   248 |   280 ||   619
Invok: Berserk           |     2 |     2 |    12 |     7 ||    23
       Trog's Hand       |       |     2 |     4 |     9 ||    15
Evoke: Wand              |       |     1 |     1 |     2 ||     4
  Use: Scroll            |       |       |    11 |     1 ||    12
  Eat: Chunk             |       |     3 |    22 |    12 ||    37
       Bread ration      |       |       |     1 |       ||     1
